 Dungeon Crawl Stone Soup version 0.22-a0-293-gc9362ec4a2 (webtiles) character file.

12562 Infinimo the Brawler (level 11, -5/71 (72) HPs)
             Began as a Tengu Berserker on Mar 24, 2018.
             Was a High Priest of Trog.
             Slain by a shadow (30 damage)
             ... on level 11 of the Dungeon.
             The game lasted 00:11:33 (8313 turns).

Infinimo the Brawler (Tengu Berserker)              Turns: 8313, Time: 00:11:34

HP:   -5/71 (72)    AC: 24    Str: 19    XL:     11   Next: 95%
MP:   12/12         EV:  9    Int:  7    God:    Trog [*****.]
Gold: 525           SH:  0    Dex: 19    Spells: 10/10 levels left

rFire    . . .     SeeInvis .     - Unarmed
rCold    + + .     Gourm    .   (no shield)
rNeg     . . .     Faith    .   l - +9 chain mail of Gavuy {rC+ Dex+3}
rPois    +         Spirit   .   (helmet restricted)
rElec    .         Reflect  .   p - +2 cloak
rCorr    .         Harm     .   a - +1 pair of gloves
MR       .....                  (boots unavailable)
Stlth    ..........             f - amulet of the acrobat (curse)
HPRegen  0.21/turn              r - ring of protection from cold
MPRegen  0.13/turn              u - ring of poison resistance

@: berserk cooldown, slowed, very slow
A: beak, talons 3, able to fly 1
a: Fly, Berserk, Trog's Hand, Brothers in Arms, Renounce Religion


You were on level 11 of the Dungeon.
You worshipped Trog.
Trog was extremely pleased with you.
You were hungry.

You visited 1 branch of the dungeon, and saw 10 of its levels.

You collected 525 gold pieces.

Inventory:

Armour
 a - a +1 pair of gloves (worn)
 l - the +9 chain mail of Gavuy (worn) {rC+ Dex+3}
   (You found it on level 4 of the Dungeon)

   It affects your dexterity (+3).
   It protects you from cold.
 p - a +2 cloak (worn)
Jewellery
 f - a cursed amulet of the acrobat (around neck)
 r - a ring of protection from cold (left hand)
 u - a ring of poison resistance (right hand)
Wands
 c - a wand of disintegration (13)
 x - a wand of digging (15)
Scrolls
 g - a scroll of remove curse
 i - a scroll of enchant weapon {unknown}
 m - 3 scrolls of teleportation
 v - a scroll of identify
Potions
 d - a potion of ambrosia
 e - 2 potions of lignification
 h - a potion of might {unknown}
 j - 2 potions of brilliance {unknown}
 k - 3 potions of heal wounds
 n - 2 potions of cancellation
 q - a potion of haste
 s - a potion of mutation {unknown}
 t - a potion of degeneration {unknown}
 w - a potion of curing
Comestibles
 b - 16 rations
 o - 5 chunks of flesh


   Skills:
 - Level 10.0 Fighting
 + Level 6.1 Armour
 - Level 2.1 Dodging
 * Level 16.0 Unarmed Combat


You had 10 spell levels left.
You didn't know any spells.

Dungeon Overview and Level Annotations

Branches:
Dungeon (12/15)              Lair (0/6) D:9             Orc (0/2) D:9
 Temple: D:4-7

Altars:
Dithmenos
Elyvilon
Fedhas
Gozag
Hepliaklqana
Kikubaaqudgha
Ru
Xom
Zin
The Shining One

Shops:
D:4 (?!   D:11 (=


Innate Abilities, Weirdness & Mutations

You have a beak for a mouth.
You have claws for feet.
You can fly.


Message History

You punch the yak!
You kill the yak!
Trog accepts your kill. The shadow hits you.
The shadow slips into darkness.
The shadow flickers and vanishes!
Deactivating autopickup; reactivate with Ctrl-A.
No target in view!
You peck something.
The shadow strikes at you from the darkness!
Reactivating autopickup.
You claw the shadow, but do no damage. You peck the shadow, but do no damage.
The shadow hits you. x2
You're still recovering from your berserk rage.
The shadow slips into darkness.
The shadow flickers and vanishes!
Deactivating autopickup; reactivate with Ctrl-A.
You claw something. You peck something.
The shadow strikes at you from the darkness!
You die...

#.### ###......
##'######### ##.'......
#..........# ##..#......
#..........# #..##......
#......(...###.###......
## #..........#...#
#......
.#########..........'.###
#......
.........+.....{.†..###
#######
##########......@†..#
############


There were no monsters in sight!

Vanquished Creatures
  6 two-headed ogres
  The ghost of Kabixx the Thaumaturge, a novice DECj of Sif Muna (D:8)
  2 cyclopes
  A kobold demonologist (D:10)
  A hornet (D:11)
  4 yaks
  4 hogs (D:9)
  A human (D:9)
  3 hungry ghosts
  An acid dragon (D:11)
  2 wargs (D:9)
  The ghost of ciphuk the Chiller, an amateur OpIE (D:4)
  An ice beast (D:11)
  13 orc warriors
  2 necrophages
  A centaur (D:9)
  6 ogres
  A crocodile (D:8)
  A big kobold (D:8)
  A bullfrog (D:9)
  15 killer bees
  2 howler monkeys (D:10)
  4 crimson imps
  3 bullfrog zombies
  10 orc priests
  Crazy Yiuf (D:2)
  2 hounds
  3 jellies
  A bullfrog skeleton (D:11)
  3 centaur skeletons
  9 orc wizards
  3 iguanas
  8 worker ants
  A hound skeleton (D:4)
  Robin (D:4)
  7 gnolls
  3 adders
  2 oozes (D:1)
  2 worms (D:2)
  4 dart slugs
  6 leopard geckos
  47 orcs
  6 bats
  4 giant cockroaches
  15 goblins
  6 hobgoblins
  6 jackals
  5 quokkas
  3 ball pythons
  5 frilled lizards
  9 kobolds
  6 rats
255 creatures vanquished.

Notes
Turn   | Place    | Note
-------+----------+-------------------------------------------
     0 | D:1      | Infinimo the Tengu Berserker began the quest for the Orb.
     0 | D:1      | Reached XP level 1. HP: 14/14 MP: 2/2
   155 | D:1      | Reached XP level 2. HP: 13/19 MP: 3/3
   434 | D:1      | Reached skill level 4 in Unarmed Combat
   505 | D:1      | Reached XP level 3. HP: 19/23 MP: 4/4
   769 | D:1      | Reached ** piety under Trog
   847 | D:2      | Found a sacrificial altar of Ru.
  1039 | D:2      | Found a shimmering altar of Xom.
  1117 | D:2      | Found a runed door.
  1121 | D:2      | Noticed Crazy Yiuf
  1129 | D:2      | Killed Crazy Yiuf
  1129 | D:2      | Reached skill level 5 in Unarmed Combat
  1129 | D:2      | Reached XP level 4. HP: 14/29 MP: 1/5
  1566 | D:3      | Found a blossoming altar of Fedhas.
  1914 | D:3      | Gained mutation: You can fly. [Tengu growth]
  1914 | D:3      | Reached XP level 5. HP: 33/33 MP: 6/6
  2008 | D:3      | Reached skill level 6 in Unarmed Combat
  2756 | D:4      | Noticed an ogre
  2762 | D:4      | Killed an ogre
  2762 | D:4      | Reached XP level 6. HP: 39/39 MP: 7/7
  2818 | D:4      | Reached *** piety under Trog
  2894 | D:4      | Found Nampym Tuasch's Weapon Emporium.
  2905 | D:4      | Got a brightly glowing chain mail
  2916 | D:4      | Identified the +9 chain mail of Gavuy {rC+ Dex+3} (You found it on level 4 of the Dungeon)
  2954 | D:4      | Found an opulent altar of Gozag.
  3027 | D:4      | Found Ovy Uwal's Magic Scroll Boutique.
  3032 | D:4      | Noticed ciphuk's ghost (amateur OpIE)
  3035 | D:4      | Killed ciphuk's ghost
  3035 | D:4      | Reached skill level 5 in Fighting
  3035 | D:4      | Reached skill level 7 in Unarmed Combat
  3035 | D:4      | Reached XP level 7. HP: 44/44 MP: 8/8
  3268 | D:4      | Found Fapiud's Distillery.
  3561 | D:4      | Noticed Robin
  3569 | D:4      | Killed Robin
  3668 | D:5      | Entered Level 5 of the Dungeon
  3711 | D:5      | Found an ancient bone altar of Kikubaaqudgha.
  3721 | D:5      | You fall through a shaft for 3 floors!
  3731 | D:8      | Reached skill level 8 in Unarmed Combat
  3742 | D:8      | Reached XP level 8. HP: 41/51 MP: 9/9
  3752 | D:8      | Reached skill level 9 in Unarmed Combat
  3994 | D:8      | Noticed Kabixx's ghost (novice DECj)
  4021 | D:8      | Reached **** piety under Trog
  4040 | D:8      | HP: 1/52 [Kabixx's ghost/orb of energy (32)]
  4058 | D:8      | Killed Kabixx's ghost
  4058 | D:8      | Reached skill level 10 in Unarmed Combat
  4058 | D:8      | Reached XP level 9. HP: 41/57 MP: 10/10
  4190 | D:8      | Noticed a two-headed ogre
  4198 | D:8      | Killed a two-headed ogre
  4198 | D:8      | Reached skill level 11 in Unarmed Combat
  4246 | D:8      | Noticed a two-headed ogre
  4255 | D:8      | Killed a two-headed ogre
  4255 | D:8      | Reached skill level 12 in Unarmed Combat
  4415 | D:8      | Found a glowing silver altar of Zin.
  4418 | D:8      | Found a white marble altar of Elyvilon.
  4419 | D:8      | Found a glowing golden altar of the Shining One.
  4608 | D:8      | Reached XP level 10. HP: 65/65 MP: 11/11
  5143 | D:9      | Found a staircase to the Orcish Mines.
  5272 | D:9      | Noticed a two-headed ogre
  5279 | D:9      | Killed a two-headed ogre
  5279 | D:9      | Reached skill level 13 in Unarmed Combat
  5531 | D:9      | Found a hazy altar of Hepliaklqana.
  5584 | D:9      | Found a staircase to the Lair.
  6022 | D:9      | Reached ***** piety under Trog
  6026 | D:9      | Reached skill level 14 in Unarmed Combat
  6252 | D:10     | Entered Level 10 of the Dungeon
  6318 | D:10     | Reached skill level 10 in Fighting
  6318 | D:10     | Reached XP level 11. HP: 59/72 MP: 12/12
  6712 | D:10     | Noticed a two-headed ogre
  6719 | D:10     | Killed a two-headed ogre
  6805 | D:10     | Reached skill level 15 in Unarmed Combat
  7264 | D:11     | Found Ytul's Jewellery Emporium.
  7303 | D:11     | Found a shadowy altar of Dithmenos.
  7355 | D:11     | Noticed a cyclops
  7365 | D:11     | Killed a cyclops
  7505 | D:11     | Received a gift from Trog
  7633 | D:11     | Found Loulot's Antique Weapon Boutique.
  7697 | D:11     | Noticed a two-headed ogre
  7707 | D:11     | Killed a two-headed ogre
  7707 | D:11     | Reached skill level 5 in Armour
  7739 | D:11     | Paralysed by a hornet for 1 turns
  7742 | D:11     | Paralysed by a hornet for 1 turns
  8177 | D:12     | Noticed a cyclops
  8185 | D:12     | Killed a cyclops
  8271 | D:12     | Noticed a two-headed ogre
  8279 | D:12     | Killed a two-headed ogre
  8304 | D:11     | Reached skill level 16 in Unarmed Combat
  8313 | D:11     | Slain by a shadow

Vault maps used:
D:1:      dpeg_arrival_snail
D:2:      overflow_temple_1_default, old_standard_altar, uniq_crazy_yiuf_cottage
D:3:      fedhas_altar_1, hangedman_decor_opposing
D:4:      kennysheep_mini_moat, serial_shops, nicolae_shop_window_shopping,
          kennysheep_mini, shop, minmay_tree_intersection, uniq_robin
D:5:      lemuel_upstairs_altar, nicolae_overflow_crystal_walls, slow_altar_1,
          first_ration, uniq_eustachio, uniq_menkaure
D:8:      good_gods_temple_1
D:9:      lemuel_crystal_altar, erik_lair_orcish_takeover, erik_orc_2,
          grunt_livestock
D:10:     minmay_misc_feat_four_crosses, grunt_decor_arrowhead
D:11:     serial_shops, shop, shop, nicolae_dithmenos_through_a_glass_darkly
D:12:     kennysheep_snake

Skill      XL: |  1  2  3  4  5  6  7  8  9 10 11 |
---------------+----------------------------------+-----
Unarmed Combat | 4 5 6 7 8 10 12 14 16 | 16.0
Fighting       | 4 5 7 8 10 | 10.0
Armour         | 6 |  6.1
Dodging        | |  2.1

Action                   |  1- 3 |  4- 6 |  7- 9 | 10-12 || total
-------------------------+-------+-------+-------+-------++-------
Melee: Unarmed           |    78 |    87 |   110 |   345 ||   620
       Kick              |    16 |    21 |    37 |   125 ||   199
       Peck              |    10 |    17 |    26 |    66 ||   119
       Punch             |     1 |     1 |     4 |    18 ||    24
Invok: Berserk           |     1 |     2 |     3 |     9 ||    15
 Abil: Fly               |       |       |       |     4 ||     4
  Use: Scroll            |       |     6 |     1 |     3 ||    10
       Potion            |       |       |     5 |       ||     5
 Stab: Sleeping          |       |     1 |       |       ||     1
       Distracted        |       |       |       |     1 ||     1
  Eat: Chunk             |     1 |     8 |     7 |    19 ||    35
       Ration            |       |       |       |     2 ||     2
Armor: Animal skin       |    17 |     8 |       |       ||    25
       Scale mail        |       |     8 |       |       ||     8
       Chain mail        |       |     6 |    63 |   156 ||   225
Dodge: Dodged            |    37 |    44 |    40 |    98 ||   219

Table legend:
 A = Spawn XP
 B = Non-spawn XP
 C = Spawn XP percentage of total XP
 D = Spawn monster count
 E = Non-spawn monster count
 F = Spawn count percentage of total count
 G = Total turns spent on level
                    A         B        C        D         E        F      G
               +---------+---------+-------+---------+---------+-------+---------
         Total |       0 |   17947 |   0.0 |       0 |     255 |   0.0 |  8313
               +---------+---------+-------+---------+---------+-------+---------
           D:1 |       0 |      59 |   0.0 |       0 |      26 |   0.0 |   806
           D:2 |       0 |      63 |   0.0 |       0 |       9 |   0.0 |   677
           D:3 |       0 |     185 |   0.0 |       0 |      29 |   0.0 |  1258
           D:4 |       0 |     486 |   0.0 |       0 |      29 |   0.0 |   927
           D:5 |       0 |      36 |   0.0 |       0 |       1 |   0.0 |    53
           D:8 |       0 |    3903 |   0.0 |       0 |      29 |   0.0 |  1146
           D:9 |       0 |    4168 |   0.0 |       0 |      52 |   0.0 |  1385
          D:10 |       0 |    4116 |   0.0 |       0 |      59 |   0.0 |  1001
          D:11 |       0 |    3226 |   0.0 |       0 |      16 |   0.0 |   929
          D:12 |       0 |    1705 |   0.0 |       0 |       5 |   0.0 |   131
               +---------+---------+-------+---------+---------+-------+---------
